 Dungeon Crawl Stone Soup version 0.26-a0-971-g1d9d62bb61 (webtiles) character file.

Game seed: 11143611227289783255

3718 streetpizza the Destroyer (level 9, -1/54 HPs)
             Began as a Deep Elf Conjurer on Dec 4, 2020.
             Was a Follower of Vehumet.
             Slain by a phantasmal warrior (20 damage)
             ... led by a death knight
             ... on level 9 of the Dungeon.
             The game lasted 00:44:51 (10181 turns).

streetpizza the Destroyer (Deep Elf Conjurer)      Turns: 10181, Time: 00:44:52

Health: -1/54      AC:  6    Str: 10    XL:     9   Next: 92%
Magic:  16/24      EV: 17    Int: 27    God:    Vehumet [*.....]
Gold:   477        SH:  0    Dex: 13    Spells: 15/26 levels left

rFire    + . .     SeeInvis .   D - staff of fire
rCold    . . .     Faith    .   (no shield)
rNeg     . . .     Spirit   .   F - +1 robe {Archmagi}
rPois    +         Reflect  .   d - +1 hat
rElec    .         Harm     .   A - +0 cloak {rCorr}
rCorr    +         Rampage  .   (no gloves)
MR       .....                  l - +0 pair of boots
Stlth    ++........             (no amulet)
HPRegen  0.18/turn              g - +6 ring of strength
MPRegen  0.19/turn              v - ring of poison resistance

@: vulnerable
A: no striking features
a: Renounce Religion


You were on level 9 of the Dungeon.
You worshipped Vehumet.
Vehumet was aware of your devotion.
You visited 2 branches of the dungeon, and saw 10 of its levels.

You collected 477 gold pieces.

Inventory:

Hand Weapons
 p - a +1 spear of venom
 E - a +0 rapier of venom
 L - a +2 whip of draining
Missiles
 a - 7 curare-tipped darts
 e - 66 poisoned darts (quivered)
Armour
 d - a +1 hat (worn)
 l - a +0 pair of boots (worn)
 A - a +0 cloak of preservation (worn)
 F - a +1 robe of the Archmagi (worn)
Magical Staves
 z - an uncursed staff of death
 D - an uncursed staff of fire (weapon)
Jewellery
 g - a +6 ring of strength (left hand)
 v - a ring of poison resistance (right hand)
 w - an uncursed ring of stealth
Wands
 b - a wand of polymorph (30)
 x - a wand of enslavement (12)
 y - a wand of paralysis (12)
Scrolls
 f - 3 scrolls of fog {unknown}
 j - 5 scrolls of remove curse
 k - 3 scrolls of enchant weapon {unknown}
 n - 3 scrolls of magic mapping {unknown}
 q - 2 scrolls of noise {unknown}
 r - 14 scrolls of identify {unknown}
 s - 4 scrolls of immolation {unknown}
 u - a scroll of blinking {unknown}
 C - 2 scrolls of teleportation {unknown}
 G - 3 scrolls of fear {unknown}
Potions
 c - 4 potions of degeneration {unknown}
 h - 3 potions of attraction {unknown}
 i - 5 potions of curing {unknown}
 m - 3 potions of brilliance {unknown}
 o - 2 potions of might {unknown}
 t - 3 potions of flight {unknown}
 B - a potion of magic {unknown}
 H - 2 potions of resistance
 I - a potion of heal wounds
 J - a potion of mutation {unknown}
 K - 2 potions of ambrosia {unknown}


   Skills:
 + Level 5.3 Fighting
 + Level 8.3 Dodging
 - Level 2.4 Stealth
 + Level 9.1 Spellcasting
 + Level 10.3 Conjurations
 * Level 0.0 Fire Magic


You had 15 spell levels left.
You knew the following spells:

 Your Spells              Type           Power        Failure   Level
a - Magic Dart            Conj           ####         1%          1
b - Searing Ray           Conj           ######       1%          2
c - Iskenderun's Mystic   Conj/Tloc      ######..     5%          4
d - Sticky Flame          Conj/Fire      ######..     5%          4

Your spell library contained the following spells:

 Spells                   Type           Power        Failure   Level
 Shock                    Conj/Air       ####         1%          1
 Foxfire                  Conj/Fire      ####         1%          1
 Conjure Flame            Conj/Fire      ######..     1%          3
 Dazzling Flash           Conj/Hex       ######       1%          3
 Beastly Appendage        Tmut           ###...       4%          1
 Summon Small Mammal      Summ           ###.         4%          1
 Fulminant Prism          Conj/Hex       ######....   5%          4
 Call Imp                 Summ           ###.....     7%          2
 Wereblood                Tmut           ###.....     7%          2
 Call Canine Familiar     Summ           ###.....     14%         3
 Inner Flame              Hex/Fire       ####....     14%         3
 Spider Form              Tmut/Pois      ###.......   14%         3
 Summon Guardian Golem    Hex/Summ       ###.....     14%         3
 Fireball                 Conj/Fire      ######....   16%         5
 Ice Form                 Ice/Tmut       ###.....     43%         4
 Summon Ice Beast         Ice/Summ       ###.....     43%         4
 Summon Lightning Spire   Summ/Air       ###.....     43%         4
 Blade Hands              Tmut           ###.......   78%         5


Dungeon Overview and Level Annotations

Branches:
Dungeon (9/15)             Temple (1/1) D:6
   Lair: D:8-11         Orc: D:9-12

Altars:
Ashenzari
Cheibriados
Dithmenos
Elyvilon
Fedhas
Gozag
Hepliaklqana
Kikubaaqudgha
Makhleb
Nemelex Xobeh
Qazlal
Ru
Sif Muna
Trog
Uskayaw
Vehumet
Wu Jian
Xom
Yredelemnul
Zin
The Shining One

Shops:
D:5 (


Message History

The phantasmal warrior is lightly damaged.
The phantasmal warrior hits you!
Unknown command.
Casting: Sticky Flame (dangerous; 5% risk of failure)
Confirm with . or Enter, or press ? or * to list all spells.
Aiming: Searing Ray (safe; 1% risk of failure)
Press: ? - help, Shift-Dir - straight line, f/p - phantasmal warrior
Aim: a phantasmal warrior (lightly damaged)
You feel a surge of power!
The searing ray hits the phantasmal warrior!
The phantasmal warrior is heavily damaged. (Press . to maintain the ray.)
The phantasmal warrior hits you.
Your magical defenses are stripped away!
The searing ray misses the phantasmal warrior.
The phantasmal warrior hits you!!
The searing ray hits the phantasmal warrior.
The phantasmal warrior is heavily damaged.
The phantasmal warrior hits you!!
You die...

##### ##...## ##########
##.....#
#........###..#....# ###
#............###........
#........#.@#####.......
+..........#W#.###.§....
#.........###._.# #.....
#..........#'#.###WW....
#........#.§#####.......
#.....<..##..###..>.....
###+########..#..##+####
##...## #####


You could see a phantasmal warrior.

Vanquished Creatures
  Joseph (D:8)
  Prince Ribbit (D:5)
  Menkaure (D:5)
  Edmund (D:5)
  A water moccasin (D:6)
  2 ice beasts
  A phantom (D:5)
  2 orc warriors (D:6)
  3 black bears
  3 ogres
  3 centaurs
  3 bullfrogs
  2 gnoll sergeants
  Blork the orc (D:6)
  2 scorpions
  5 wights (D:6)
  A gnoll shaman (D:5)
  2 jellies
  5 orc priests
  A hound (D:7)
  A quasit (D:7)
  Crazy Yiuf (D:4)
  3 iguanas
  5 orc wizards
  A worker ant (D:4)
  2 hound zombies (D:5)
  2 worker ant zombies
  16 gnolls
  6 adders
  2 shadow imps
  A white imp (D:8)
  2 oozes
  An adder skeleton (D:7)
  3 worms
  3 dart slugs
  3 leopard geckos
  23 orcs
  4 bats
  5 giant cockroaches
  9 goblins
  2 hobgoblins (D:2)
  3 jackals (D:2)
  7 quokkas
  4 frilled lizards
  A jackal skeleton (D:6)
  11 kobolds
  A leopard gecko skeleton (D:4)
  2 quokka zombies
  6 rats
171 creatures vanquished.

Notes
Turn   | Place    | Note
-------+----------+-------------------------------------------
     0 | D:1      | streetpizza the Deep Elf Conjurer began the quest for the
                  | Orb.
     0 | D:1      | Reached XP level 1. HP: 10/10 MP: 6/6
   233 | D:1      | Reached XP level 2. HP: 16/16 MP: 6/8
   236 | D:1      | Learned a level 2 spell: Searing Ray
  1283 | D:2      | Reached XP level 3. HP: 20/20 MP: 5/10
  1362 | D:2      | Reached skill level 1 in Fighting
  1575 | D:2      | Found a sparkling altar of Nemelex Xobeh.
  1873 | D:2      | Reached XP level 4. HP: 25/25 MP: 8/11
  1924 | D:2      | Found a snail-covered altar of Cheibriados.
  2184 | D:3      | Reached skill level 5 in Conjurations
  2425 | D:3      | Found an opulent altar of Gozag.
  2525 | D:3      | Found a hide-covered altar of Uskayaw.
  2850 | D:3      | Reached XP level 5. HP: 30/30 MP: 13/13
  3227 | D:3      | Found a blossoming altar of Fedhas.
  3905 | D:4      | Reached skill level 5 in Spellcasting
  3905 | D:4      | Reached XP level 6. HP: 29/35 MP: 10/15
  4557 | D:4      | Found a runed translucent door.
  4558 | D:4      | Noticed Crazy Yiuf
  4565 | D:4      | Killed Crazy Yiuf
  4659 | D:5      | Entered Level 5 of the Dungeon
  4659 | D:5      | Noticed Edmund
  4701 | D:5      | Noticed an ice beast
  4806 | D:5      | Killed an ice beast
  4807 | D:5      | Reached skill level 5 in Dodging
  4807 | D:5      | Reached skill level 6 in Conjurations
  4807 | D:5      | Reached XP level 7. HP: 40/40 MP: 7/17
  4877 | D:5      | Found Mimpeyc's Weapon Boutique.
  5155 | D:5      | Killed Edmund
  5415 | D:5      | Noticed Prince Ribbit
  5429 | D:5      | Killed Prince Ribbit
  5755 | D:5      | Noticed Menkaure
  5759 | D:5      | Reached skill level 7 in Conjurations
  5759 | D:5      | Reached XP level 8. HP: 42/46 MP: 13/19
  5762 | D:5      | Killed Menkaure
  6410 | D:6      | Found a broken altar of Ashenzari.
  6486 | D:6      | Reached skill level 8 in Conjurations
  6562 | D:6      | Noticed Blork the orc
  6568 | D:6      | Killed Blork the orc
  6754 | D:6      | Reached XP level 9. HP: 45/52 MP: 11/22
  6805 | D:6      | Found a staircase to the Ecumenical Temple.
  6873 | D:6      | Reached skill level 9 in Conjurations
  7001 | Temple   | Entered the Ecumenical Temple
  7071 | Temple   | Became a worshipper of Vehumet
  7199 | D:6      | Learned a level 4 spell: Iskenderun's Mystic Blast
  8097 | D:7      | Reached * piety under Vehumet
  8097 | D:7      | Offered knowledge of Shock by Vehumet.
  8098 | D:7      | Reached skill level 5 in Fighting
  8650 | D:8      | Noticed Joseph
  8852 | D:8      | Killed Joseph
  8853 | D:8      | Reached skill level 10 in Conjurations
  9100 | D:8      | Found a bloodstained altar of Trog.
 10025 | D:9      | Noticed a freezing wraith
 10025 | D:9      | Noticed a phantasmal warrior
 10031 | D:9      | Found a sparkling altar of Nemelex Xobeh.
 10050 | D:9      | Learned a level 4 spell: Sticky Flame
 10181 | D:9      | Slain by a phantasmal warrior

Illustrated notes

Levels and vault maps discovered:
D:1:      nzn_arrival_settlement, layout_basic, serial_curves, eino_curves_01,
          eino_curves_02
D:2:      layout_basic, kennysheep_slug_shrine, general_overflow_altar
D:3:      layout_loops_ring, nicolae_gozag_seed_capital,
          lemuel_coloured_pillars_altar, fedhas_altar_fruit_tree
D:4:      layout_basic, dk_noncrumbling_4, uniq_crazy_yiuf_cottage
D:5:      layout_gridville, serial_shops, nicolae_shop_crystal, uniq_edmund,
          uniq_menkaure, uniq_prince_ribbit1
D:6:      cheibrodos_barr_body, layout_cave_pools,
          nicolae_overflow_crystal_walls, minmay_temple_entry_arrows,
          uniq_blork_the_orc
D:7:      layout_loops_cross
D:8:      layout_loops_cross, lemuel_round_altar, uniq_joseph
D:9:      layout_roguey, old_standard_altar, lair_entry_dummy,
          nemelex_diamond_rough_becter, uniq_maggie
Temple:   regret_index_temple_waves

Skill      XL: |  1  2  3  4  5  6  7  8  9 |
---------------+----------------------------+-----
Dodging        | 3 4 5 7 8 |  8.3
Fighting       | 1 2 3 4 5 |  5.3
Spellcasting   | 4 5 6 7 9 |  9.1
Conjurations   | 5 6 7 8 10 | 10.3
Stealth        | |  2.4

Action                   |  1- 3 |  4- 6 |  7- 9 || total
-------------------------+-------+-------+-------++-------
Melee: Whip              |     8 |       |       ||     8
       Spear             |     4 |    84 |    56 ||   144
       Rapier            |       |       |   106 ||   106
Throw: Dart              |       |     2 |    26 ||    28
 Cast: Magic Dart        |    41 |     2 |     1 ||    44
       Searing Ray       |     5 |    18 |    47 ||    70
       Iskenderun's Myst |       |       |     4 ||     4
       Sticky Flame      |       |       |     1 ||     1
  Use: Scroll            |       |       |     1 ||     1
 Stab: Sleeping          |     1 |    10 |     2 ||    13
       Distracted        |       |     1 |       ||     1
Armor: Robe              |     3 |     7 |    47 ||    57
Dodge: Dodged            |    25 |    41 |   176 ||   242

Table legend: (Time is in decaauts)
 A = Elapsed time spent in this place.
 B = Non-inter-level travel time spent in this place.
 C = Inter-level travel time spent in this place.
 D = Time resting spent in this place.
 E = Time spent auto-exploring this place.
 F = Levels seen in this place.
 G = Mean time per level.
                   A        B        C        D        E       F      G
               +--------+--------+--------+--------+--------+-----+--------+
         Total |  10216 |   9872 |    344 |    462 |   7908 |  10 | 1021.6 |
       Dungeon |  10081 |   9791 |    290 |    462 |   7832 |   9 | 1120.1 |
        Temple |    135 |     81 |     54 |      0 |     75 |   1 |  135.0 |
               +--------+--------+--------+--------+--------+-----+--------+

Top non-repeatable levels by time:
     D:5: 1611 daAuts
     D:6: 1427 daAuts
     D:4: 1411 daAuts
     D:2: 1193 daAuts
     D:3: 1185 daAuts
     D:8: 1183 daAuts
     D:7: 983 daAuts
     D:1: 914 daAuts
     D:9: 171 daAuts
  Temple: 135 daAuts
